AoeStats
← Trotamundos

Arabia

507509331Analyzed
1v1 RM · 14d ago on Sep 18, 2026· 42m 16s· 2 players
Game mode
Random Map
Map size
Tiny (2 player)
Population
200
Speed
Normal
Resources
Standard
Victory
Conquest
Starting age
Dark Age
Ending age
Imperial Age
RankedLock teamsTeams togetherTeam positionsShared explorationLock speedFull tech treeHidden civsTurbo modeCheats
Victory
Defeat
🇮🇳 Franks · India
1092
+14
🇵🇪 Turks · Peru
1056
-14
Sheno
6:42 Loom
9:10 Feudal Age
9:43 Double-Bit Axe
21:04 Castle Age
19:42 Scale Barding Armor
19:48 Forging
21:59 Wheelbarrow
21:55 Bow Saw
22:17 Chain Barding Armor
22:33 Iron Casting
22:25 Husbandry
26:53 Hand Cart
27:32 Fletching
29:21 Gold Mining
29:21 Stone Mining
31:00 Gold Shaft Mining
38:03 Imperial Age
36:33 Scale Mail Armor
36:29 Bodkin Arrow
36:35 Padded Archer Armor
38:06 Cavalier
39:22 Plate Barding Armor
40:20 Blast Furnace
Trotamundos
6:09 Loom
9:52 Feudal Age
11:53 Wheelbarrow
12:12 Double-Bit Axe
23:15 Castle Age
21:46 Gold Mining
22:48 Fletching
24:09 Bow Saw
27:36 Bodkin Arrow
28:38 Gold Shaft Mining
30:44 Ballistics
30:56 Husbandry
32:09 Bloodlines
38:08 Imperial Age
37:13 Bloodlines
37:33 Sipahi
37:59 Scale Barding Armor
39:01 Bracer
39:23 Chain Barding Armor
Connection lost

Rejoining the realm…

Still unreachable

The connection could not be restored.

Session expired

The server has moved on; the page needs a fresh start.